AoeStats
← Thewanderero

QS Arena

503230809Analyzed
4v4 RM · 1mo ago on Aug 30, 2026· 47m 50s· 8 players
Game mode
Random Map
Map size
Large (8 player)
Population
200
Speed
Normal
Resources
Standard
Victory
Conquest
Starting age
Dark Age
Ending age
Imperial Age
RankedLock teamsTeams togetherTeam positionsShared explorationLock speedFull tech treeHidden civsTurbo modeCheats
Victory
Defeat
🇺🇸 Poles · United States
1109
+15
🇹🇷 Shu · Türkiye
1108
+15
🇫🇷 Persians · France
1101
+15
🇨🇳 Ethiopians · China
1067
+17
🇷🇺 Goths · Russia
1182
-20
🇧🇾 Byzantines · Belarus
1116
-17
🇷🇺 Spanish · Russia
1044
-14
🇷🇺 Cumans · Russia
996
-12
生活就像海洋
8:13 Feudal Age
12:46 Castle Age
11:04 Stone Mining
11:39 Loom
13:13 Town Watch
13:34 Double-Bit Axe
19:54 Horse Collar
22:52 Bow Saw
23:54 Heavy Plow
31:23 Imperial Age
30:17 Wheelbarrow
29:26 Crossbowman
30:18 Gold Mining
31:25 Fletching
31:36 Padded Archer Armor
32:33 Gold Shaft Mining
33:41 Two-Man Saw
33:40 Ballistics
34:20 Chemistry
35:01 Stone Shaft Mining
34:39 Bodkin Arrow
34:59 Leather Archer Armor
34:12 Arbalester
35:55 Thumb Ring
36:22 Town Patrol
37:11 Leather Archer Armor
37:25 Capped Ram
39:10 Hand Cart
39:15 Siege Ram
40:13 Onager
40:16 Siege Ram
43:31 Conscription
43:12 Torsion Engines
43:33 Siege Engineers
44:13 Siege Onager
47:48 Bracer
48:19 Ring Archer Armor
KODZHA
8:03 Feudal Age
13:11 Castle Age
12:11 Horse Collar
12:17 Double-Bit Axe
16:37 Man-at-Arms
17:48 Bow Saw
18:46 Heavy Plow
19:46 Wheelbarrow
19:01 Town Watch
19:02 Loom
21:36 Man-at-Arms
22:07 Man-at-Arms
26:31 Imperial Age
24:17 Hand Cart
25:00 Town Patrol
25:53 Forging
25:43 Scale Mail Armor
26:12 Fletching
26:43 Ballistics
28:11 Chain Mail Armor
27:24 Crossbowman
28:09 Thumb Ring
29:33 Two-Man Saw
30:12 Plate Mail Armor
32:17 Conscription
31:25 Arbalester
32:22 Gold Mining
32:22 Stone Mining
32:54 Bodkin Arrow
33:19 Padded Archer Armor
34:00 Bracer
34:47 Gold Shaft Mining
34:57 Leather Archer Armor
35:44 Chemistry
34:47 Bolt Magazine
36:44 Ring Archer Armor
37:27 Elite White Feather Guard
40:40 Coiled Serpent Array
44:00 Fortified Wall
43:45 Murder Holes
44:01 Masonry
43:57 Siege Engineers
43:42 Heated Shot
43:43 Guard Tower
43:39 Arrowslits
44:04 Careening
44:05 Clinker Construction
44:15 Shipwright
44:03 Devotion
44:03 Atonement
44:28 Illumination
43:59 Herbal Medicine
44:40 Theocracy
44:26 Heresy
TheAurelSan
8:39 Feudal Age
9:02 Loom
13:41 Castle Age
11:57 Double-Bit Axe
12:20 Gold Mining
14:48 Wheelbarrow
39:03 Imperial Age
36:56 Bow Saw
37:41 Hand Cart
37:39 Kamandaran
38:07 Crossbowman
39:17 Scale Barding Armor
39:52 Conscription
40:52 Chemistry
40:24 Fletching
40:46 Forging
42:12 Chain Barding Armor
42:30 Husbandry
42:44 Stone Mining
44:52 Elite War Elephant
47:23 Plate Barding Armor
Sir Penjamin Danklin II
8:12 Feudal Age
12:28 Castle Age
12:15 Double-Bit Axe
14:03 Loom
17:31 Horse Collar
18:43 Forging
18:34 Scale Mail Armor
25:06 Wheelbarrow
26:07 Iron Casting
25:48 Bow Saw
27:48 Chain Mail Armor
31:40 Hand Cart
31:27 Heavy Plow
31:56 Arson
32:11 Squires
33:06 Stone Mining
33:07 Gold Mining
34:44 Stone Shaft Mining
38:07 Imperial Age
37:27 Scale Barding Armor
37:53 Light Cavalry
38:43 Bloodlines
38:34 Husbandry
39:17 Lechitic Legacy
39:59 Conscription
39:16 Winged Hussar
41:31 Crop Rotation
42:47 Capped Ram
44:59 Chain Barding Armor
45:39 Blast Furnace
46:47 Fletching
WAnds | danila90r
7:19 Feudal Age
9:50 Double-Bit Axe
12:16 Man-at-Arms
14:37 Scale Mail Armor
16:31 Horse Collar
18:04 Loom
18:38 Forging
27:33 Castle Age
31:10 Bow Saw
33:28 Wheelbarrow
38:59 Hand Cart
40:36 Pikeman
42:34 Anarchy
45:28 Imperial Age
batya007
7:27 Feudal Age
8:31 Double-Bit Axe
24:08 Castle Age
23:41 Loom
24:33 Wheelbarrow
30:21 Gold Mining
33:29 Imperial Age
32:32 Hand Cart
32:41 Bow Saw
33:20 Bloodlines
35:17 Fletching
35:38 Forging
35:29 Scale Mail Armor
35:30 Padded Archer Armor
BDSM|POLSKA
0:40 Loom
8:55 Feudal Age
9:23 Horse Collar
9:31 Double-Bit Axe
17:32 Castle Age
15:58 Stone Mining
16:34 Gold Mining
18:35 Wheelbarrow
18:38 Bow Saw
18:53 Fletching
20:02 Heavy Plow
21:59 Bodkin Arrow
23:03 Hand Cart
34:31 Imperial Age
36:21 Two-Man Saw
35:40 Fortified Wall
36:31 Chemistry
35:44 Masonry
36:36 Chemistry
Thewanderero
6:48 Loom
9:26 Feudal Age
9:59 Horse Collar
10:06 Double-Bit Axe
10:48 Gold Mining
10:50 Stone Mining
18:19 Castle Age
23:57 Imperial Age
24:36 Bow Saw
25:28 Heavy Plow
27:22 Conscription
28:22 Gold Shaft Mining
28:22 Stone Shaft Mining
31:28 Wheelbarrow
33:11 Logistica
35:13 Fletching
35:23 Padded Archer Armor
35:26 Elite Skirmisher
38:54 Chemistry
38:14 Ballistics
38:06 Fortified Wall
38:15 Leather Archer Armor
37:55 Bodkin Arrow
41:12 Bracer
41:43 Ring Archer Armor
41:52 Elite Cataphract
46:04 Scale Barding Armor
46:09 Forging
Connection lost

Rejoining the realm…

Still unreachable

The connection could not be restored.

Session expired

The server has moved on; the page needs a fresh start.